 Dungeon Crawl Stone Soup version 0.30.1-3-gfc49f6343a (webtiles) character file.

Game seed: 673539091012426276

5 Rharriott the Trooper (level 1, 0/14 HPs)
             Began as a Gargoyle Berserker on July 31, 2023.
             Was a Follower of Trog.
             Slain by an endoplasm (2 damage)
             ... on level 1 of the Dungeon.
             The game lasted 00:00:50 (103 turns).

Rharriott the Trooper (Gargoyle Berserker)           Turns: 103, Time: 00:00:51

Health: 0/14       AC:  4    Str: 20    XL:     1   Next: 80%
Magic:  1/1        EV: 11    Int:  7    God:    Trog [*.....]
Gold:   0          SH:  0    Dex:  9    Spells: 0/0 levels left

rFire   . . .        a - +0 mace
rCold   . . .        (no shield)
rNeg    + . .        b - +0 animal skin
rPois   ∞            (no helmet)
rElec   +            (no cloak)
rCorr   .            (no gloves)
SInv    .            (no boots)
Will    .....        (no amulet)
Stlth   +            (no ring)
HPRegen 0.22/turn    (no ring)
MPRegen 0.07/turn

%: no passive effects
@: no status effects
A: sickness immunity, AC +2, negative energy resistance 1, electricity
resistance, torment resistance 1, petrification resistance
a: Renounce Religion, Berserk


You were on level 1 of the Dungeon.
You worshipped Trog.
Trog was aware of your devotion.
You visited 1 branch of the dungeon, and saw 1 of its levels.

Inventory:

Hand Weapons
 a - a +0 mace (weapon)
Armour
 b - a +0 animal skin (worn)
Scrolls
 c - a scroll of fear {unknown}
Potions
 d - a potion of curing {unknown}


   Skills:
 + Level 3.4 Fighting
 + Level 3.1 Maces & Flails
 + Level 2.2 Armour
 + Level 1.6 Dodging


You couldn't memorise any spells.
You didn't know any spells.
Your spell library was empty.

Dungeon Overview and Level Annotations

Branches:
Dungeon (1/15)

Altars:


Innate Abilities, Weirdness & Mutations

You are immune to sickness and miasma.
Your stone body is resilient. (AC +2)
You are immune to poison.
You resist negative energy. (rN+)
You are resistant to electric shocks. (rElec)
You are resistant to unholy torment.
You are immune to petrification.


Message History

The jackal bites you.
The jackal bites you but does no damage.
The endoplasm hits you. The jackal barely misses you.
The endoplasm attacks as you move away! The endoplasm closely misses you.
The jackal attacks as you move away!
The jackal bites you but does no damage.
The jackal attacks as you move away!
The jackal bites you but does no damage.
The jackal closely misses you. The jackal barely misses you.
The jackal attacks as you move away! The jackal closely misses you.
You completely miss the jackal.
The jackal is severely wounded.
The jackal bites you but does no damage.
The endoplasm freezes you.
You are frozen.
The jackal bites you but does no damage.
The jackal barely misses you. The jackal attacks as you move away!
The jackal bites you. The jackal closely misses you.
The jackal attacks as you move away!
The jackal bites you but does no damage.
The jackal attacks as you move away! The jackal closely misses you.
The jackal bites you but does no damage.
The endoplasm attacks as you move away!
The endoplasm hits you but does no damage.
The jackal attacks as you move away! The jackal barely misses you.
The jackal attacks as you move away!
The jackal bites you but does no damage.
The jackal bites you.
You hit the jackal.
You kill the jackal!
Trog accepts your kill. The endoplasm freezes you.
You are frozen.
* * * LOW HITPOINT WARNING * * *
The endoplasm closely misses you. The endoplasm barely misses you.
The endoplasm closely misses you. The endoplasm attacks as you move away!
The endoplasm hits you.
You die...

#..)........+ #.
#...........# # #.
#...........# .# #.
#........#..###.########.
#...............#........
#........#....#######.###
...##+##................##
.##.##.#.J...#.#...####..##
#.......@..#.#.#....#..#
...##......#...#.##.#..# .
#......#.#.#.# ...#
....##......#.# #..# #.....
#......#.# #... ...###.
...##..#.# #..> ... #. ...
... .# #. #... ..


You could see an endoplasm.

Vanquished Creatures
  A dart slug (D:1)
  A jackal (D:1)
  A frilled lizard (D:1)
  A goblin (D:1)
4 creatures vanquished.

Notes
Turn   | Place    | Note
-------+----------+-------------------------------------------
     0 | D:1      | Rharriott the Gargoyle Berserker began the quest for the
                  | Orb.
     0 | D:1      | Reached XP level 1. HP: 14/14 MP: 1/1
   103 | D:1      | Slain by an endoplasm

Illustrated notes

Levels and vault maps discovered:
D:1:      dpeg_arrival_connections, layout_basic,
          dreamdust_ecumenical_altar_angels_and_demons, hangedman_decor_points

Action                     || total
---------------------------++-------
  Melee: Mace              ||    20
 Armour: Animal skin       ||    14
  Dodge: Dodged            ||    23
